AoeStats
← |GaoeG| flamingo

MegaRandom

510109748Analyzed
3v3 RM · 1d ago on Sep 29, 2026· 46m 48s· 6 players
Game mode
Random Map
Map size
Normal (6 player)
Population
200
Speed
Normal
Resources
Standard
Victory
Conquest
Starting age
Dark Age
Ending age
Imperial Age
RankedLock teamsTeams togetherTeam positionsShared explorationLock speedFull tech treeHidden civsTurbo modeCheats
Victory
Defeat
🇦🇷 Burmese · Argentina
1392
+14
🇦🇷 Burgundians · Argentina
1374
+15
🇦🇷 Franks · Argentina
1359
+16
🇪🇸 Shu · Spain
1440
-18
🇪🇸 Portuguese · Spain
1355
-15
🇪🇸 Cumans · Spain
1276
-12
SuterOne
7:19 Loom
10:07 Feudal Age
20:40 Castle Age
18:55 Horse Collar
19:03 Double-Bit Axe
21:48 Wheelbarrow
21:52 Bloodlines
25:13 Scale Barding Armor
26:32 Forging
27:51 Chain Barding Armor
28:36 Light Cavalry
30:06 Heavy Plow
35:21 Gold Mining
38:50 Imperial Age
38:53 Iron Casting
40:22 Conscription
40:13 Steppe Husbandry
40:34 Town Watch
42:42 Blast Furnace
43:22 Hussar
43:36 Elite Steppe Lancer
44:48 Hand Cart
46:42 Plate Barding Armor
|GaoeG| flamingo
8:27 Loom
10:52 Feudal Age
15:00 Castle Age
13:19 Double-Bit Axe
15:11 Town Watch
16:06 Fletching
21:43 Bow Saw
21:30 Horse Collar
22:18 Crossbowman
24:52 Wheelbarrow
25:28 Bodkin Arrow
28:29 Gold Mining
29:12 Ballistics
32:09 Thumb Ring
39:05 Imperial Age
39:18 Arbalester
40:07 Bracer
41:14 Chemistry
43:05 Scale Mail Armor
43:15 Forging
42:28 Pikeman
44:06 Halberdier
45:19 Chain Mail Armor
JITANOmaleant7
7:28 Loom
10:13 Feudal Age
11:15 Double-Bit Axe
14:40 Horse Collar
15:13 Fletching
20:21 Wheelbarrow
23:31 Castle Age
22:35 Gold Mining
24:25 Bow Saw
23:46 Crossbowman
24:35 Thumb Ring
24:27 Bodkin Arrow
27:13 Scale Mail Armor
27:13 Padded Archer Armor
30:42 Padded Archer Armor
31:06 Ballistics
33:24 Leather Archer Armor
36:53 Imperial Age
34:05 Pikeman
36:15 Squires
37:16 Arbalester
38:58 Chemistry
40:13 Hand Cart
42:30 Halberdier
43:45 Bracer
44:17 Ring Archer Armor
44:02 Chain Mail Armor
43:57 Forging
federicoguidic
2:39 Loom
10:14 Feudal Age
17:14 Castle Age
15:14 Horse Collar
16:39 Bloodlines
16:57 Gold Mining
17:31 Scale Barding Armor
18:38 Husbandry
24:36 Forging
24:41 Town Watch
25:19 Stone Mining
28:09 Chain Barding Armor
28:24 Iron Casting
29:39 Wheelbarrow
29:29 Sanctity
29:20 Fervor
29:11 Devotion
30:27 Pikeman
31:09 Squires
31:40 Hand Cart
31:15 Light Cavalry
33:39 Gold Shaft Mining
33:05 Heavy Plow
34:29 Iron Casting
33:54 Scale Mail Armor
33:47 Fletching
38:15 Imperial Age
36:54 Town Patrol
37:18 Manipur Cavalry
37:55 Bodkin Arrow
38:15 Chain Mail Armor
39:37 Plate Barding Armor
40:02 Blast Furnace
38:46 Cavalier
38:49 Hussar
40:10 Block Printing
40:08 Redemption
41:07 Blast Furnace
40:55 Conscription
43:13 Plate Mail Armor
42:43 Bracer
43:14 Elite Battle Elephant
44:45 Howdah
47:02 Coinage
ARMENIO FULL AGUA
6:30 Loom
9:42 Feudal Age
10:47 Double-Bit Axe
22:10 Castle Age
22:53 Scale Barding Armor
22:55 Husbandry
34:42 Gold Mining
38:34 Bow Saw
39:29 Fletching
40:01 Chain Barding Armor
42:51 Town Watch
45:41 Light Cavalry
yair.gimenez
8:13 Double-Bit Axe
8:14 Loom
10:38 Feudal Age
11:35 Bow Saw
11:08 Horse Collar
21:45 Castle Age
20:54 Heavy Plow
20:48 Gold Mining
22:26 Wheelbarrow
21:37 Town Watch
23:17 Scale Barding Armor
23:22 Husbandry
23:04 Cavalier
27:38 Chain Barding Armor
30:07 Forging
33:10 Hand Cart
35:33 Imperial Age
33:05 Fletching
33:38 Ballistics
34:25 Devotion
34:49 Guard Tower
34:40 Treadmill Crane
35:52 Iron Casting
35:12 Bodkin Arrow
35:39 Paladin
36:56 Plate Barding Armor
37:33 Chemistry
38:36 Squires
39:00 Scale Mail Armor
40:00 Blast Furnace
39:52 Bodkin Arrow
40:12 Chain Mail Armor
43:38 Bracer
44:09 Plate Mail Armor
45:36 Coinage
45:58 Masonry
Connection lost

Rejoining the realm…

Still unreachable

The connection could not be restored.

Session expired

The server has moved on; the page needs a fresh start.